 Dungeon Crawl Stone Soup version 0.28.0-43-g3370ac3207 (webtiles) character file.

Game seed: 4768009768654814550

20569 Zero0 the Severer (level 12, -5/112 HPs)
             Began as a Hill Orc Fighter on Mar 3, 2022.
             Was an Elder of Trog.
             Slain by Snorg (15 damage)
             ... on level 13 of the Dungeon.
             The game lasted 00:32:37 (19694 turns).

Zero0 the Severer (Hill Orc Fighter)               Turns: 19694, Time: 00:32:37

Health: -5/112     AC: 20    Str: 30    XL:     12   Next: 80%
Magic:  12/12      EV:  8    Int: 10    God:    Trog [****..]
Gold:   548        SH: 12    Dex: 14    Spells: 11/11 levels left

rFire   . . .      SeeInvis +   a - +4 war axe
rCold   + . .      Faith    .   M - +0 kite shield
rNeg    . . .      Spirit   .   s - +5 chain mail of Nitononoum {rC+ Int+2 Dex-2}
rPois   .          Reflect  .   (no helmet)
rElec   .          Harm     .   n - +0 cloak
rCorr   .          Rampage  .   (no gloves)
Will    .....                   J - +1 pair of boots
Stlth   ..........              (no amulet)
HPRegen 0.28/turn               g - +6 ring of strength
MPRegen 0.13/turn               D - ring "Subbutus" {Dex+6 SInv}

@: no status effects
A: no striking features
a: Renounce Religion, Berserk, Trog's Hand, Brothers in Arms


You were on level 13 of the Dungeon.
You worshipped Trog.
Trog was greatly pleased with you.
You visited 3 branches of the dungeon, and saw 15 of its levels.

You collected 698 gold pieces.
You spent 150 gold pieces at shops.

Inventory:

Hand Weapons
 a - a +4 war axe (weapon)
 x - a +1 long sword of flaming
 A - a +2 whip of freezing
 H - a +3 hand axe of freezing
 K - a +2 hand axe of flaming
 S - a +4 scimitar of flaming
Missiles
 f - 5 javelins
 m - 237 stones
 q - 9 poisoned darts (quivered)
 B - 2 boomerangs
Armour
 c - a +0 buckler
 n - a +0 cloak (worn)
 r - a +1 plate armour
 s - the +5 chain mail of Nitononoum (worn) {rC+ Int+2 Dex-2}
   (You found it on level 11 of the Dungeon)

   Int:       It affects your intelligence (+2).
   Dex:       It affects your dexterity (-2).
   rC:        It protects you from cold.
 z - a scarf of resistance
 I - a +0 cloak
 J - a +1 pair of boots (worn)
 M - a +0 kite shield (worn)
 O - +0 acid dragon scales
Jewellery
 g - a +6 ring of strength (left hand)
 v - a ring of protection from fire
 C - an amulet of magic regeneration
 D - the ring "Subbutus" (right hand) {Dex+6 SInv}
   (You found it on level 7 of the Dungeon)

   [ring of dexterity]

   Dex:       It affects your dexterity (+6).
   SInv:      It lets you see invisible.
 Q - an amulet of guardian spirit
Wands
 y - a wand of flame (33)
 F - a wand of polymorph (7)
Scrolls
 k - a scroll of immolation
 p - 3 scrolls of vulnerability
 E - a scroll of silence
 G - 4 scrolls of identify
 L - 3 scrolls of teleportation
 P - a scroll of fog
 R - a scroll of fear
 T - a scroll of magic mapping
Potions
 b - a potion of invisibility
 d - 2 potions of might
 e - 2 potions of attraction
 h - 2 potions of ambrosia
 i - 3 potions of brilliance
 j - 2 potions of haste
 l - 5 potions of mutation
 o - 5 potions of curing
 t - 2 potions of lignification
 w - 2 potions of degeneration
 N - a potion of flight {unknown}
 U - a potion of magic {unknown}
Miscellaneous
 u - a phial of floods


   Skills:
 + Level 11.8 Fighting
 * Level 17.1 Axes
 + Level 10.9 Armour
 + Level 10.9 Shields


You had 11 spell levels left.
You didn't know any spells.
Your spell library contained the following spells:

 Spells                   Type           Power      Damage    Failure   Level
 Beastly Appendage        Tmut           0%         N/A       97%         1
 Wereblood                Tmut           0%         N/A       99%         2
 Spider Form              Tmut/Pois      0%         N/A       100%        3


Dungeon Overview and Level Annotations

Branches:
Dungeon (13/15)            Temple (1/1) D:5             Orc (1/2) D:11
   Lair: D:8-11      Vaults: D:13-14

Altars:
Ashenzari
Cheibriados
Dithmenos
Elyvilon
Fedhas
Gozag
Hepliaklqana
Kikubaaqudgha
Makhleb
Nemelex Xobeh
Okawaru
Qazlal
Ru
Sif Muna
Trog
Uskayaw
Vehumet
Wu Jian
Xom
Yredelemnul
Zin
The Shining One

Shops:
D:6 :   D:7 ?

Portals:
Trove: D:12 (give +2 shadow dragon scales)

Annotations:
D:8 exclusion: statue
D:9 Grum
D:12 2 transporters, LetschGu's ghost, journeyman SpAM
D:13 Snorg


Message History

You block Snorg's attack. Snorg claws you. You block the gargoyle's attack.
You hit Snorg.
Snorg is severely wounded.
You slash the gargoyle!
You destroy the gargoyle!
Trog accepts your kill. Snorg bites you but does no damage. Snorg claws you.
Snorg barely misses you. You block Snorg's attack.
Snorg claws you but does no damage. Snorg claws you!
You slice Snorg!!
Snorg is severely wounded.
Snorg bites you but does no damage. You block Snorg's attack. x2
You barely miss Snorg.
Snorg is severely wounded.
Snorg barely misses you. Snorg claws you but does no damage. x2
You slice Snorg!!
Snorg is almost dead.
You block Snorg's attack. Snorg claws you but does no damage. x2
Unknown command.
You hit Snorg.
Snorg is almost dead.
Snorg bites you. You block Snorg's attack. x2
You slash Snorg!
Snorg is almost dead.
Snorg bites you!!
* * * LOW HITPOINT WARNING * * *
Snorg claws you.
* * * LOW HITPOINT WARNING * * *
Snorg claws you!
* * * LOW HITPOINT WARNING * * *
You block Snorg's attack. Snorg claws you.
* * * LOW HITPOINT WARNING * * *
Snorg claws you.
* * * LOW HITPOINT WARNING * * *
You barely miss Snorg.
Snorg is almost dead.
You block Snorg's attack. Snorg barely misses you. You block Snorg's attack.
Unknown command.
You feel better. Snorg bites you but does no damage. You block Snorg's attack.
Snorg claws you!
You die...

≈≈≈≈⌠....# ## ####≈8...# ##.
$$$#≈....####### #######..
$$$#≈._.......[# #........
$$$#≈......<...##########........
####≈8.............>...##........
≈≈≈≈⌠..................#........#
...8............................#
._....8.........@...............#
................T)..............#
................(...............#
............####................#
.....#.###...##.<#..............#
.....#.###.........[...........##
.........#........#.#..........#
.......#.......................#
........##.....................#


You could see Snorg (berserk).

Vanquished Creatures
  Josephine (D:12)
  A hydra (D:11)
  A boulder beetle (D:10)
  A two-headed ogre (D:11)
  A centaur warrior (D:11)
  Nergalle (D:10)
  A deep elf pyromancer (D:12)
  Pikel (D:7)
  An ugly thing (D:11)
  Joseph (D:7)
  2 gargoyles
  Maggie (D:7)
  An unseen horror (D:12)
  An efreet (D:13)
  A hornet (D:7)
  3 trolls
  Grinder (D:3)
  5 slime creatures
  A meliai zombie (D:11)
  Sigmund (D:3)
  2 vampires (D:13)
  A wyvern (D:8)
  22 yaks
  8 wraiths
  A basilisk (D:12)
  2 steam dragons
  Menkaure (D:6)
  6 vampire mosquitoes
  6 acid dragons
  Duvessa (D:7)
  A water moccasin (D:5)
  7 orc warriors
  An ice beast (D:5)
  2 necrophages
  A sky beast (D:5)
  4 wolves
  An ogre (D:5)
  3 centaurs
  3 bullfrogs
  2 gnoll sergeants
  A wyvern zombie (D:5)
  3 scorpions
  Dowan (D:7)
  17 wights
  2 howler monkeys
  A bullfrog zombie (D:6)
  3 hounds
  3 centaur zombies
  11 orc priests
  A jelly (D:4)
  Ijyb (D:3)
  2 centaur skeletons (D:7)
  7 iguanas
  Natasha (D:4)
  Terence (D:2)
  7 orc wizards
  A killer bee zombie (D:6)
  A howler monkey zombie (D:8)
  A howler monkey skeleton (D:7)
  8 adders
  11 gnolls
  2 shadow imps (D:7)
  A white imp (D:5)
  3 ufetubi
  2 adder skeletons
  5 dart slugs
  2 worms
  35 orcs
  2 endoplasms
  2 giant cockroaches
  4 goblins
  A hobgoblin (D:2)
  5 jackals
  7 kobolds
  6 quokkas
  7 ball pythons
  3 bats
  3 frilled lizards (D:1)
  3 rats
279 creatures vanquished.

Vanquished Creatures (others)
  A gnoll (D:7)
  A plant (D:2)
2 creatures vanquished.

Grand Total: 281 creatures vanquished

Notes
Turn   | Place    | Note
-------+----------+-------------------------------------------
     0 | D:1      | Zero0 the Hill Orc Fighter began the quest for the Orb.
     0 | D:1      | Reached XP level 1. HP: 19/19 MP: 1/1
   140 | D:1      | Reached skill level 3 in Axes
   154 | D:1      | Reached XP level 2. HP: 15/27 MP: 2/2
   902 | D:1      | Reached XP level 3. HP: 32/33 MP: 3/3
  1403 | D:2      | Reached skill level 4 in Axes
  1403 | D:2      | Reached XP level 4. HP: 22/40 MP: 4/4
  1663 | D:2      | Found a blossoming altar of Fedhas.
  1715 | D:2      | Noticed Terence
  1725 | D:2      | Killed Terence
  1726 | D:2      | Reached XP level 5. HP: 42/47 MP: 5/5
  2141 | D:2      | Found a faded altar of an unknown god.
  2365 | D:3      | Noticed Sigmund
  2510 | D:3      | Noticed Grinder
  2582 | D:4      | Reached skill level 5 in Axes
  3001 | D:4      | Reached XP level 6. HP: 53/53 MP: 6/6
  3534 | D:4      | Reached skill level 5 in Fighting
  3534 | D:4      | Reached skill level 6 in Axes
  3566 | D:4      | Noticed a yak
  3567 | D:4      | Noticed a yak
  3580 | D:5      | Entered Level 5 of the Dungeon
  3580 | D:5      | Noticed a water moccasin
  3580 | D:5      | You fall into a shaft and drop 1 floor!
  3720 | D:6      | Noticed a yak
  3720 | D:6      | Noticed a yak
  3720 | D:6      | Noticed a yak
  3720 | D:6      | Noticed a yak
  3861 | D:5      | Noticed an ice beast
  3873 | D:5      | Killed an ice beast
  3874 | D:5      | Reached XP level 7. HP: 46/61 MP: 7/7
  4073 | D:5      | Reached skill level 7 in Axes
  4073 | D:5      | Reached skill level 5 in Armour
  4073 | D:5      | Reached skill level 5 in Shields
  4445 | D:5      | Reached XP level 8. HP: 70/70 MP: 8/8
  4596 | D:5      | Reached skill level 8 in Axes
  4864 | D:5      | Found a staircase to the Ecumenical Temple.
  4870 | Temple   | Entered the Ecumenical Temple
  4936 | Temple   | Became a worshipper of Trog the Wrathful
  5315 | D:4      | Noticed a yak
  5315 | D:4      | Noticed a yak
  5316 | D:4      | Noticed a yak
  5320 | D:4      | Noticed a yak
  5326 | D:4      | Killed a yak
  5337 | D:4      | Killed a yak
  5338 | D:4      | Reached skill level 9 in Axes
  5348 | D:4      | Killed a yak
  5399 | D:5      | Killed a yak
  5400 | D:5      | Reached XP level 9. HP: 14/78 MP: 9/9
  5692 | D:4      | Reached skill level 10 in Axes
  5910 | D:4      | Found a sacrificial altar of Ru.
  5957 | D:4      | Found a broken altar of Ashenzari.
  5957 | D:4      | Noticed Natasha
  5964 | D:4      | Killed Natasha
  6390 | D:3      | Paralysed by Grinder for 4 turns
  6396 | D:3      | Killed Grinder
  6546 | D:3      | Noticed Ijyb
  6552 | D:3      | Killed Ijyb
  6687 | D:3      | Killed Sigmund
  7042 | D:6      | Reached skill level 11 in Axes
  7060 | D:6      | Reached * piety under Trog
  7358 | D:6      | Reached XP level 10. HP: 31/88 MP: 10/10
  7858 | D:6      | Noticed Menkaure
  7868 | D:6      | Killed Menkaure
  7869 | D:6      | Reached skill level 12 in Axes
  8157 | D:6      | Found Foewkauh's Book Boutique.
  8625 | D:7      | Found a hazy altar of Hepliaklqana.
  9313 | D:7      | Paralysed by a hornet for 3 turns
  9694 | D:7      | Noticed Pikel
  9705 | D:7      | Killed Pikel
  9706 | D:7      | Reached skill level 13 in Axes
  9870 | D:7      | Noticed Duvessa
  9870 | D:7      | Noticed Dowan
  9892 | D:7      | Killed Duvessa
  9901 | D:7      | Killed Dowan
 10057 | D:7      | Noticed Joseph
 10069 | D:7      | Killed Joseph
 10437 | D:7      | Noticed Maggie
 10465 | D:7      | Reached ** piety under Trog
 10833 | D:7      | Reached XP level 11. HP: 71/97 MP: 11/11
 10979 | D:7      | Killed Maggie
 11196 | D:7      | Identified the ring "Subbutus" {Dex+6 SInv}
 11447 | D:7      | Found Qiyt's Magic Scroll Shop.
 11451 | D:7      | Bought 3 scrolls of identify for 90 gold pieces
 11451 | D:7      | Bought a scroll of identify for 30 gold pieces
 11451 | D:7      | Bought a scroll of identify for 30 gold pieces
 11902 | D:8      | Reached skill level 14 in Axes
 12851 | D:8      | Found a radiant altar of Vehumet.
 12889 | D:8      | Reached skill level 10 in Fighting
 13264 | D:9      | Noticed Grum
 13568 | D:9      | Noticed a brown ugly thing
 13768 | D:10     | Entered Level 10 of the Dungeon
 13931 | D:10     | Noticed Nergalle
 13950 | D:10     | Killed Nergalle
 14541 | D:10     | Reached *** piety under Trog
 14686 | D:10     | Reached skill level 15 in Axes
 15097 | D:10     | Noticed a boulder beetle
 15119 | D:10     | HP: 5/101 [boulder beetle (21)]
 15494 | D:11     | Identified the +5 chain mail of Nitononoum {rC+ Int+2
                  | Dex-2}
 15673 | D:11     | Noticed a two-headed ogre
 15685 | D:11     | Killed a two-headed ogre
 15752 | D:11     | Found a staircase to the Orcish Mines.
 15985 | D:11     | Noticed a cyan ugly thing
 15995 | D:11     | Killed a cyan ugly thing
 15996 | D:11     | Reached XP level 12. HP: 108/108 MP: 12/12
 16361 | D:11     | Reached skill level 10 in Armour
 16361 | D:11     | Reached skill level 10 in Shields
 16607 | D:10     | Killed a boulder beetle
 16862 | Orc:1    | Entered Level 1 of the Orcish Mines
 16869 | Orc:1    | Noticed an orc high priest
 17001 | D:12     | Noticed a centaur warrior
 17009 | D:12     | Noticed a six-headed hydra
 17259 | D:11     | Killed a centaur warrior
 17260 | D:11     | Reached skill level 16 in Axes
 17374 | D:11     | Killed a one-headed hydra
 17914 | D:12     | Found a transporter.
 17917 | D:12     | Found a transporter.
 17947 | D:12     | Noticed LetschGu's ghost (journeyman SpAM)
 18023 | D:12     | Found a portal to a secret trove of treasure.
 18307 | D:13     | Noticed Josephine
 18401 | D:12     | Reached **** piety under Trog
 18410 | D:12     | Killed Josephine
 18946 | D:13     | Found an opulent altar of Gozag.
 18953 | D:13     | Found an opulent altar of Gozag.
 18953 | D:13     | Found an opulent altar of Gozag.
 18962 | D:13     | Found an opulent altar of Gozag.
 19334 | D:12     | Reached skill level 17 in Axes
 19649 | D:13     | Noticed Snorg
 19692 | D:13     | HP: 5/112 [Snorg (4)]
 19694 | D:13     | Slain by Snorg

Illustrated notes

Levels and vault maps discovered:
D:1:      saegor_arrival_simple_b, layout_loops_ring
D:2:      layout_basic, basic_altar, dilly_ecumenical_altar_fadedgnrine,
          serial_bayou_pond_d, uniq_terence
D:3:      layout_loops_ring, minmay_pentomino_pile, uniq_grinder, uniq_sigmund,
          uniq_ijyb
D:4:      kennysheep_six_static_rooms, layout_loops_ring,
          mainiacjoe_overflow_two_lobes, uniq_natasha
D:5:      layout_basic, minmay_temple_entry_enclosed_plants
D:6:      layout_loops_ring, serial_shops, kennysheep_mini, uniq_menkaure
D:7:      layout_basic, worldfamousw_hep_ancestral_shrine, serial_shops, shop,
          uniq_joseph, uniq_duvessa, uniq_pikel, uniq_maggie
D:8:      layout_loops_ring, vehumet_statue
D:9:      layout_long_grid, erik_lair_island, minmay_checkerbox, uniq_grum
D:10:     layout_roguey, minmay_misc_feat_encased, nicolae_zen_rock_garden,
          grunt_ministairs_4, kennysheep_generic_room_4, uniq_nergalle
D:11:     layout_roguey, orc_0_dummy, interstate_on_off
D:12:     layout_long_grid, gammafunk_ghost_hive, nicolae_trove_entry_isolated
D:13:     layout_rooms, nicolae_gozag_conspicuous_consumption, uniq_josephine,
          uniq_snorg
Temple:   compressed_dpeg_circular_temple
Orc:1:    giant_chief_lemuel, layout_caves

Skill      XL: |  1  2  3  4  5  6  7  8  9 10 11 12 |
---------------+-------------------------------------+-----
Axes           | 3 4 5 6 7 9 11 13 15 17 | 17.1
Fighting       | 4 5 6 8 9 10 11 | 11.8
Armour         | 4 5 6 7 8 9 10 | 10.9
Shields        | 4 5 6 7 8 9 10 | 10.9

Action                   |  1- 3 |  4- 6 |  7- 9 | 10-12 || total
-------------------------+-------+-------+-------+-------++-------
Melee: War axe           |    91 |   129 |   241 |   760 ||  1221
       Hand axe          |       |       |       |     9 ||     9
Throw: Dart              |       |     2 |    12 |    26 ||    40
       Javelin           |       |       |     1 |       ||     1
  Use: Scroll            |       |     6 |     2 |    15 ||    23
       Potion            |       |       |       |     1 ||     1
Armor: Scale mail        |    43 |    12 |       |       ||    55
       Chain mail        |       |    15 |       |   147 ||   162
       Plate armour      |       |    77 |   121 |   210 ||   408
Dodge: Dodged            |    40 |    49 |    54 |   206 ||   349
Block: Buckler           |    24 |    38 |    55 |   113 ||   230
       Kite shield       |       |       |       |   154 ||   154
